 Dungeon Crawl Stone Soup version 0.31-a0-542-gdc2a67831c (webtiles) character file.

Game seed: 17282119635799073781

124 Arcadio the Shooter (level 5, -5/42 HPs)
             Began as a Formicid Hunter on Aug 14, 2023.
             Slain by a bullfrog (7 damage)
             ... on level 3 of the Dungeon.
             The game lasted 00:08:41 (2439 turns).

Arcadio the Shooter (Formicid Hunter)               Turns: 2439, Time: 00:08:42

Health: -5/42      AC:  3    Str: 16    XL:     5   Next: 30%
Magic:  5/5        EV: 12    Int:  8    God:
Gold:   142        SH:  0    Dex: 19    Spells: 4/4 levels left

rFire   . . .        a - +0 sling (elec)
rCold   . . .        (no shield)
rNeg    . . .        c - +0 leather armour
rPois   .            (helmet unavailable)
rElec   .            (no cloak)
rCorr   .            (no gloves)
SInv    +            (no boots)
Will    .....        (no amulet)
Stlth   ++           (no ring)
HPRegen 0.27/turn    (no ring)
MPRegen 0.09/turn

%: no passive effects
@: no status effects
A: permanent stasis, dig shafts and tunnels, antennae 3, four strong arms
a: Dig, Shaft Self


You were on level 3 of the Dungeon.
You visited 1 branch of the dungeon, and saw 3 of its levels.
You also visited: Sewer.

You collected 142 gold pieces.

Inventory:

Hand Weapons
 a - a +0 sling of electrocution (weapon)
 b - a +1 short sword of protection
 f - a +0 short sword of electrocution
 q - a +0 war axe
 r - a +0 shortbow
 s - a +1 antimagic dagger
Armour
 c - a +0 leather armour (worn)
 h - a +0 scale mail
 m - a +0 chain mail
Jewellery
 j - a ring of resist corrosion
Scrolls
 g - 2 scrolls of poison
 k - a scroll of teleportation {unknown}
 n - a scroll of immolation {unknown}
 o - a scroll of enchant armour {unknown}
 p - a scroll of fear {unknown}
Potions
 e - a potion of curing
 i - 4 potions of heal wounds
 l - a potion of brilliance


   Skills:
 + Level 3.7 Fighting
 + Level 4.8 Ranged Weapons
 + Level 2.6 Armour
 - Level 1.7 Dodging
 - Level 1.2 Stealth


You had 4 spell levels left.
You didn't know any spells.
Your spell library contained the following spells:

 Spells                   Type           Power      Damage    Failure   Level
 Poisonous Vapours        Pois/Air       0%         N/A       61%         2
 Call Canine Familiar     Summ           0%         N/A       83%         3
 Mephitic Cloud           Conj/Pois/Air  0%         N/A       83%         3
 Portal Projectile        Hex/Tloc       0%         N/A       83%         3
 Leda's Liquefaction      Hex/Erth       0%         N/A       99%         4
 Freezing Cloud           Conj/Ice/Air   0%         6-21      100%        5
 Haunt                    Necr/Summ      0%         N/A       100%        7
 Borgnjor's Revivificati  Necr           0%         N/A       100%        8
 Death's Door             Necr           0%         N/A       100%        9


Dungeon Overview and Level Annotations

Branches:
Dungeon (3/15) Zot: 15855   Sewer (visited)

Altars:

Shops:
D:1 *


Innate Abilities, Weirdness & Mutations

You cannot be hasted, slowed, berserked, paralysed or teleported.
You can dig through walls and to a lower floor.
You have a pair of large antennae on your head. (SInv)
Your four strong arms can wield two-handed weapons with a shield.


Message History

Your butterfly disappears in a burst of colours!
The bullfrog hits you.
You swap places.
You enter the shallow water.
Moving in this stuff is going to be slow.
The bullfrog barely misses your butterfly. x2
You swap places.
The bullfrog misses something.
The bullfrog barely misses your butterfly.
The bullfrog hits your butterfly!
Your butterfly dies!
Your butterfly disappears in a burst of colours!
The bullfrog hits your butterfly.
Your butterfly dies!
Your butterfly disappears in a burst of colours!
You swap places.
The bullfrog closely misses your butterfly.
The bullfrog barely misses your butterfly.
The bullfrog hits your butterfly.
Your butterfly dies!
Your butterfly disappears in a burst of colours!
You swap places.
The bullfrog closely misses your butterfly.
The bullfrog closely misses you.
The bullfrog hits you but does no damage.
The bullfrog closely misses you.
There is a gate leading back out of this place here.
The bullfrog barely misses you. The bullfrog hits you.
The bullfrog closely misses you. The bullfrog hits you.
Welcome back to the Dungeon!
Your summoned allies are left behind.
The giant cockroach waves its antennae.
The giant cockroach bites you but does no damage.
There is a collapsed entrance here.
The bullfrog hits you! The bullfrog barely misses you.
The giant cockroach closely misses you.
You begin to dig a shaft.
You continue digging a shaft.
The bullfrog hits you.
* * * LOW HITPOINT WARNING * * *
The bullfrog barely misses you. The giant cockroach bites you.
* * * LOW HITPOINT WARNING * * *
The bullfrog hits you!
You die...

###...##
###..##
##..###
#....###
#.....~#
#...~~~#
#..~~~~#
#..~~BF#
#.~~~F@#
########


You could see 2 bullfrogs and a giant cockroach.

Vanquished Creatures
  4 adders
  9 endoplasms
  13 giant cockroaches
  2 hobgoblins
  14 quokkas
  11 ball pythons
  5 bats (D:1)
  8 frilled lizards
  4 goblins
  8 kobolds
  2 rats
80 creatures vanquished.

Notes
Turn   | Place    | Note
-------+----------+-------------------------------------------
     0 | D:1      | Arcadio the Formicid Hunter began the quest for the Orb.
     0 | D:1      | Reached XP level 1. HP: 16/16 MP: 1/1
    79 | D:1      | Reached XP level 2. HP: 23/23 MP: 2/2
   194 | D:1      | Reached skill level 1 in Armour
   195 | D:1      | Found Juseor's General Store.
   812 | D:2      | Reached XP level 3. HP: 22/28 MP: 1/3
  1792 | D:3      | Reached XP level 4. HP: 35/35 MP: 4/4
  2129 | D:3      | Found a glowing drain.
  2138 | Sewer    | Entered a sewer
  2276 | Sewer    | Reached XP level 5. HP: 39/41 MP: 5/5
  2425 | Sewer    | Noticed a bullfrog
  2425 | Sewer    | Noticed a bullfrog
  2439 | D:3      | HP: 2/42 [giant cockroach (1)]
  2439 | D:3      | Slain by a bullfrog

Illustrated notes

Levels and vault maps discovered:
D:1:      amcnicky_arrival_feature_with_door, layout_basic, serial_shops, shop,
          minivault_19, minivault_19
D:2:      layout_basic, minmay_curled_crystal
D:3:      layout_loops_ring, tgw_kikubaaqudgha, portal_sewer_entry_b,
          serial_aquarium, aquarium_bridge_square [aquarium_subvault_window,
          aquarium_subvault_bridge, aquarium_subvault_bridge,
          aquarium_subvault_window], aquarium_window_fake, aquarium_window_fake,
          aquarium_view_2c, uniq_robin

Skill      XL: |  1  2  3  4 |
---------------+-------------+-----
Armour         | 1 2 |  2.6
Fighting       | 3 |  3.7
Ranged Weapons | |  4.8
Dodging        | |  1.7
Stealth        | |  1.2

Action                     |  1- 3 |  4- 6 || total
---------------------------+-------+-------++-------
  Melee: Dagger            |    29 |       ||    29
         Short sword       |       |    42 ||    42
   Fire: Shortbow          |    59 |       ||    59
         Sling             |     2 |    95 ||    97
Ability: Dig               |     1 |       ||     1
         Shaft Self        |       |     1 ||     1
    Use: Scroll            |     4 |     1 ||     5
 Armour: Leather armour    |     8 |    24 ||    32
  Dodge: Dodged            |    23 |    46 ||    69

Table legend: (Time is in decaauts)
 A = Elapsed time spent in this place.
 B = Non-inter-level travel time spent in this place.
 C = Inter-level travel time spent in this place.
 D = Time resting spent in this place.
 E = Time spent auto-exploring this place.
 F = Levels seen in this place.
 G = Mean time per level.
                   A        B        C        D        E       F      G
               +--------+--------+--------+--------+--------+-----+--------+
         Total |   2512 |   2469 |     43 |     21 |   1871 |   4 |  628.0 |
       Dungeon |   2144 |   2101 |     43 |      0 |   1811 |   3 |  714.7 |
         Sewer |    368 |    368 |      0 |     21 |     60 |   1 |  368.0 |
               +--------+--------+--------+--------+--------+-----+--------+

Top non-repeatable levels by time:
     D:2: 845 daAuts
     D:1: 721 daAuts
     D:3: 577 daAuts
   Sewer: 368 daAuts
